 Dungeon Crawl Stone Soup version 0.29-a0-517-gbdf32494f2 (webtiles) character file.

Game seed: 16092318747291324680

10475 hquester the Fighter (level 11, -12/113 HPs)
             Began as a Troll Fighter on May 30, 2022.
             Was a Priest of Qazlal.
             Mangled by a tentacled starspawn (20 damage)
             ... on level 3 of the Abyss.
             The game lasted 00:38:59 (8536 turns).

hquester the Fighter (Troll Fighter)                Turns: 8536, Time: 00:38:59

Health: -12/113    AC: 10    Str: 22 (23) XL:     11   Next: 36%
Magic:  13/13      EV: 12    Int:  2 (4)  God:    Qazlal [***...]
Gold:   618        SH: 15    Dex: 18 (19) Spells: 10/10 levels left

rFire   . . .      SeeInvis .   h - +1 demon whip (venom)
rCold   . . .      Faith    .   b - +1 kite shield
rNeg    + + .      Spirit   .   t - +0 steam dragon scales
rPois   .          Reflect  .   (helmet restricted)
rElec   .          Harm     .   y - scarf {repulsion}
rCorr   .          Rampage  .   (gloves unavailable)
Will    .....      Rage     1%  (boots unavailable)
Stlth   +.........              (no amulet)
HPRegen 1.08/turn               j - ring of Izesink {rN++ Str-3 Dex+6}
MPRegen 0.13/turn               (no ring)

@: repel missiles
A: large, unfitting armour, claws 3, regeneration 1, shaggy fur 1, tough skin 1,
iridescent scales 1, berserk 1
a: Renounce Religion, Upheaval, Elemental Force


You were on level 3 of the Abyss.
You worshipped Qazlal.
Qazlal was most pleased with you.
You visited 2 branches of the dungeon, and saw 11 of its levels.
You visited the Abyss 1 time.

You collected 618 gold pieces.

Inventory:

Hand Weapons
 a - the +1 hunting sling of Equivalence {speed, rF++ Int+6}
   (You found it on level 7 of the Dungeon)

   Attacks with this weapon are significantly faster.
   Int:       It affects your intelligence (+6).
   rF:        It greatly protects you from fire.
 h - a +1 demon whip of venom (weapon)
 w - the +8 flail of Suicidal Tendencies {vorpal, *Corrode rElec Int+3}
   (You found it on level 5 of the Dungeon)

   It inflicts extra damage upon your enemies.
   Int:       It affects your intelligence (+3).
   rElec:     It insulates you from electricity.
   *Corrode:  It may corrode you when you take damage.
 A - a +3 flail of freezing
 D - a +2 war axe of distortion
 E - a +4 mace
Armour
 b - a +1 kite shield (worn)
 t - +0 steam dragon scales (worn)
 y - a scarf of repulsion (worn)
Jewellery
 j - the ring of Izesink (left claw) {rN++ Str-3 Dex+6}
   (You found it on level 2 of the Dungeon)

   [ring of dexterity]

   Str:       It affects your strength (-3).
   Dex:       It affects your dexterity (+6).
   rN:        It greatly protects you from negative energy.
 k - a ring of fire
Wands
 c - a wand of flame (19)
 p - a wand of polymorph (9)
 u - a wand of iceblast (7)
 B - a wand of paralysis (13)
Scrolls
 d - 2 scrolls of poison
 e - 2 scrolls of blinking
 g - a scroll of teleportation
 i - a scroll of immolation
 q - 2 scrolls of vulnerability
 s - 2 scrolls of torment
 C - 2 scrolls of identify
 F - a scroll of fear
Potions
 l - a potion of degeneration
 n - 2 potions of haste
 o - a potion of attraction
 r - 3 potions of mutation
 v - 2 potions of resistance
 x - a potion of magic
 z - a potion of ambrosia


   Skills:
 * Level 8.4 Fighting
 + Level 5.1 Maces & Flails
 + Level 4.6 Armour
 + Level 6.1 Dodging
 + Level 6.7 Shields
 + Level 6.9 Unarmed Combat
 + Level 5.2 Invocations


You had 10 spell levels left.
You didn't know any spells.
Your spell library contained the following spells:

 Spells                   Type           Power      Damage    Failure   Level
 Magic Dart               Conj           0%         1d3       80%         1
 Necrotize                Necr           0%         1d4       80%         1
 Blink                    Tloc           0%         N/A       90%         2
 Call Imp                 Summ           0%         N/A       90%         2
 Ensorcelled Hibernation  Hex/Ice        0%         N/A       90%         2
 Passwall                 Tmut/Erth      0%         N/A       90%         2
 Lesser Beckoning         Tloc           0%         N/A       99%         3
 Mephitic Cloud           Conj/Pois/Air  0%         N/A       99%         3
 Swiftness                Air            0%         N/A       99%         3
 Vampiric Draining        Necr           0%         2d6       99%         3
 Agony                    Necr           0%         N/A       100%        5
 Manifold Assault         Tloc           0%         N/A       100%        5


Dungeon Overview and Level Annotations

Branches:
Dungeon (10/15)            Temple (1/1) D:4            Lair (0/6) D:10
    Orc: D:9-12

Altars:
Ashenzari
Cheibriados
Elyvilon
Fedhas
Gozag
Hepliaklqana
Kikubaaqudgha
Makhleb
Nemelex Xobeh
Okawaru
Qazlal
Ru
Sif Muna
Trog
Vehumet
Wu Jian
Xom
Yredelemnul
Zin
The Shining One

Shops:
D:6 =


Innate Abilities, Weirdness & Mutations

You are too large for most types of armour.
You have claws for hands.
Your natural rate of healing is unusually fast.
You are covered in fur. (AC +1)
You have tough skin. (AC +1)
You are partially covered in iridescent scales. (AC +2)
You tend to lose your temper in combat.


Message History

A chorus of shrieks assaults your mind.
* * * LOW HITPOINT WARNING * * *
You hit the tentacled starspawn.
The tentacled starspawn is heavily damaged.
You feel much better.
You block the tentacled starspawn's attack. x2
A chorus of shrieks assaults your mind.
You feel much better. A chorus of shrieks assaults your mind.
It was a potion of degeneration.
There was something very wrong with that liquid.
You feel weakened.
You feel dopey.
You feel clumsy.
You block the tentacled starspawn's attack. x2
Really quaff the potion of mutation?
You feel extremely strange.
You feel a little pissed off.
Iridescent scales grow over part of your body.
The smoke demon gestures at you. Something smites you!
* * * LOW HITPOINT WARNING * * *
The tentacled starspawn bites you!
* * * LOW HITPOINT WARNING * * *
You block the tentacled starspawn's attack.
You feel better.
You hit the tentacled starspawn.
The tentacled starspawn is heavily damaged.
You block the tentacled starspawn's attack.
The tentacled starspawn tentacle-slaps you!
* * * LOW HITPOINT WARNING * * *
You hit the tentacled starspawn but do no damage.
The tentacled starspawn is heavily damaged.
A chorus of shrieks assaults your mind.
* * * LOW HITPOINT WARNING * * *
The tentacled starspawn bites you.
* * * LOW HITPOINT WARNING * * *
The tentacled starspawn tentacle-slaps you but does no damage.
You hit the tentacled starspawn but do no damage.
The tentacled starspawn is heavily damaged.
The tentacled starspawn bites you!!
You die...

# ## . ###
#. # .. #@#
# #..##. .
##X# # # .
. #.
#wX..##.#..
. . #
W#X3.XX#
X#. ... . #
.#
...####.##
. ≈≈≈<##│##
. . #... #
≈ ≈≈
≈──.#..# #
.#..# #
≈... # # #
. .# # . .
. . . .


3 You could see 2 starcursed masses, a tentacled starspawn, a phantasmal
warrior, a smoke demon and a starspawn tentacle (distracted).

Vanquished Creatures
  A boulder beetle (D:8)
  2 two-headed ogres
  Erica (D:9)
  Amaemon (D:8)
  Maggie (D:7)
  An orange demon (D:8)
  2 trolls (D:10)
  2 hornets (D:8)
  A vampire (D:8)
  5 yaks (D:10)
  A wyvern (D:10)
  Grum (D:8)
  2 steam dragons
  An acid dragon (D:9)
  A water moccasin (D:5)
  3 black bears (D:5)
  3 sky beasts (D:7)
  2 ice beasts
  An ogre (D:4)
  3 centaurs
  6 wolves
  A kobold brigand (D:7)
  4 bullfrogs
  A scorpion (D:5)
  A necrophage (D:6)
  25 wights
  9 killer bees
  2 electric eels (D:10)
  6 hounds
  A jelly (D:6)
  5 orc priests
  A gnoll shaman (D:8)
  An iguana (D:5)
  5 orc wizards
  Ijyb (D:4)
  11 gnolls
  9 adders
  A white imp (D:7)
  A worm (D:5)
  2 dart slugs
  28 orcs
  10 ball pythons
  8 endoplasms
  2 giant cockroaches
  4 goblins
  7 hobgoblins
  7 jackals
  9 kobolds
  A quokka (D:1)
  2 bats (D:3)
  4 frilled lizards
  9 rats
219 creatures vanquished.

Vanquished Creatures (others)
  An orc (D:8)
  A starspawn tentacle (Abyss:3)
2 creatures vanquished.

Grand Total: 221 creatures vanquished

Notes
Turn   | Place    | Note
-------+----------+-------------------------------------------
     0 | D:1      | hquester the Troll Fighter began the quest for the Orb.
     0 | D:1      | Reached XP level 1. HP: 22/22 MP: 0/0
    85 | D:1      | Reached XP level 2. HP: 28/29 MP: 1/1
    93 | D:1      | Found a faded altar of an unknown god.
   515 | D:1      | Reached XP level 3. HP: 35/36 MP: 2/2
   804 | D:2      | Identified the ring of Izesink {rN++ Str-3 Dex+6}
   903 | D:2      | Reached skill level 3 in Fighting
  1160 | D:3      | Reached XP level 4. HP: 45/45 MP: 3/3
  1217 | D:3      | Found a faded altar of an unknown god.
  1220 | D:3      | Found a stormy altar of Qazlal.
  1454 | D:3      | Found a broken altar of Ashenzari.
  1825 | D:4      | Reached XP level 5. HP: 46/53 MP: 4/4
  1872 | D:4      | Noticed Ijyb
  1872 | D:4      | Noticed an ogre
  1893 | D:4      | Killed Ijyb
  1896 | D:4      | HP: 1/53 [ogre/+0 giant club (18)]
  1898 | D:4      | Killed an ogre
  1902 | D:4      | Reached XP level 6. HP: 7/62 MP: 5/5
  2212 | D:4      | Found a staircase to the Ecumenical Temple.
  2353 | Temple   | Entered the Ecumenical Temple
  2654 | D:4      | Reached skill level 4 in Fighting
  2810 | D:4      | Found a hazy altar of Hepliaklqana.
  2884 | D:3      | Became a worshipper of Qazlal Stormbringer
  3038 | D:5      | Entered Level 5 of the Dungeon
  3051 | D:5      | Identified the +8 flail of Suicidal Tendencies {vorpal,
                  | *Corrode rElec Int+3}
  3098 | D:5      | Reached XP level 7. HP: 71/71 MP: 6/6
  3249 | D:5      | Reached skill level 1 in Invocations
  3463 | D:5      | Reached skill level 1 in Maces & Flails
  3596 | D:5      | Reached skill level 1 in Armour
  3888 | D:6      | Reached skill level 5 in Fighting
  3888 | D:6      | Reached XP level 8. HP: 56/80 MP: 8/8
  4064 | D:6      | Found a shimmering altar of Xom.
  4383 | D:6      | Found Ekesasma's Jewellery Boutique.
  4756 | D:7      | Noticed Maggie
  4776 | D:7      | Killed Maggie
  4777 | D:7      | Reached skill level 5 in Unarmed Combat
  4777 | D:7      | Reached XP level 9. HP: 42/89 MP: 8/10
  4888 | D:7      | Reached skill level 5 in Shields
  4952 | D:7      | Identified the +1 hunting sling of Equivalence {speed, rF++
                  | Int+6}
  4968 | D:7      | Reached * piety under Qazlal
  4969 | D:7      | Reached skill level 6 in Fighting
  5558 | D:8      | Reached ** piety under Qazlal
  5558 | D:8      | Noticed Amaemon
  5575 | D:8      | Noticed an orange demon
  5576 | D:8      | Killed Amaemon
  5577 | D:8      | Reached skill level 5 in Dodging
  5596 | D:8      | Reached XP level 10. HP: 38/100 MP: 11/11
  5607 | D:8      | Killed an orange demon
  5608 | D:8      | Reached skill level 7 in Fighting
  5729 | D:8      | Noticed a boulder beetle
  5794 | D:8      | Killed a boulder beetle
  5821 | D:8      | Noticed Grum
  5838 | D:8      | Killed Grum
  5987 | D:8      | Noticed a two-headed ogre
  5997 | D:8      | Killed a two-headed ogre
  6678 | D:9      | Found a burning altar of Makhleb.
  6909 | D:9      | Noticed Erica
  6945 | D:9      | Killed Erica
  7260 | D:9      | Found an ornate altar of the Wu Jian Council.
  7309 | D:9      | Reached XP level 11. HP: 111/111 MP: 13/13
  7407 | D:9      | Reached skill level 8 in Fighting
  7548 | D:9      | Identified the +4 ring mail of Death's Door {Str+4 Dex+3
                  | Slay-3 Stlth+}
  7910 | D:10     | Entered Level 10 of the Dungeon
  7981 | D:10     | Reached skill level 5 in Invocations
  8064 | D:10     | Found a staircase to the Lair.
  8086 | D:10     | Reached *** piety under Qazlal
  8126 | D:10     | Reached skill level 5 in Maces & Flails
  8214 | D:10     | Noticed a two-headed ogre
  8224 | D:10     | Killed a two-headed ogre
  8460 | D:10     | Noticed a wizard
  8461 | D:10     | Cast into level 3 of the Abyss (a wizard)
  8504 | Abyss:3  | Noticed a starcursed mass
  8511 | Abyss:3  | Noticed a tentacled starspawn
  8519 | Abyss:3  | Noticed a phantasmal warrior
  8532 | Abyss:3  | Gained mutation: You tend to lose your temper in combat.
                  | [potion of mutation]
  8532 | Abyss:3  | Gained mutation: You are partially covered in iridescent
                  | scales. (AC +2) [potion of mutation]
  8536 | Abyss:3  | Mangled by a tentacled starspawn

Illustrated notes

Levels and vault maps discovered:
D:1:      lemuel_arrival_tunnels, layout_loops_ring,
          nicolae_ecumenical_snake_handling, minmay_misc_feat_hallway,
          serial_park_tiny_pond, minmay_fountain_box, serial_bayou_crossing
D:2:      layout_rooms
D:3:      layout_rooms, mainiacjoe_overflow_tiny_flanked,
          nicolae_overflow_ecumenical_swirl, grunt_ministairs_14
D:4:      layout_basic, worldfamousw_hep_ancestral_shrine, temple_doors_e,
          uniq_ijyb
D:5:      layout_basic
D:6:      layout_basic, tgw_xom, serial_shops, shop_statue, solitary_fountain,
          minmay_diced_spiral
D:7:      layout_rooms, uniq_maggie
D:8:      layout_basic, uniq_amaemon, uniq_grum
D:9:      layout_basic, kennysheep_mini, nicolae_overflow_crystal_walls,
          serial_corexii_hall, corexii_hall_statues_l, corexii_hall_statues_l,
          chequers_hall_statues_corner_a, corexii_hall_statues_i,
          corexii_hall_statues_i, chequers_hall_statues_wall_a, uniq_erica
D:10:     minmay_distorted_concentric_squares, layout_basic,
          gammafunk_temple_overflow_statue, erik_lair_island, serial_shops,
          nicolae_stop_n_shop_1, shop, dreamdust_princess_bridge, uniq_maurice
Temple:   eino_temple_water
Abyss:3:  base: D:6, abyss_exit_lava, evilmike_abyss_exit_glass,
          abyss_exit_lava, evilmike_abyss_exit_glass,
          evilmike_abyss_exit_mutagenic

Skill      XL: |  1  2  3  4  5  6  7  8  9 10 11 |
---------------+----------------------------------+-----
Shields        | 3 4 5 6 |  6.7
Fighting       | 3 4 5 6 7 8 |  8.4
Dodging        | 3 4 5 6 |  6.1
Unarmed Combat | 3 4 5 6 |  6.9
Invocations    | 1 2 3 4 5 |  5.2
Maces & Flails | 1 2 3 4 5 |  5.1
Armour         | 1 2 3 4 |  4.6

Action                   |  1- 3 |  4- 6 |  7- 9 | 10-12 || total
-------------------------+-------+-------+-------+-------++-------
Melee: Unarmed           |   108 |   135 |   288 |    72 ||   603
       Demon whip        |       |       |       |   308 ||   308
  Use: Potion            |       |     1 |     2 |     6 ||     9
       Scroll            |       |       |    16 |     3 ||    19
 Stab: Sleeping          |     5 |     3 |     1 |       ||     9
Armor: Robe              |    30 |    22 |    30 |       ||    82
       Steam dragon scal |       |       |    31 |    59 ||    90
Dodge: Dodged            |    32 |    44 |    85 |   134 ||   295
       Repelled          |       |       |     1 |     4 ||     5
Block: Kite shield       |    28 |    58 |   143 |   274 ||   503

Table legend: (Time is in decaauts)
 A = Elapsed time spent in this place.
 B = Non-inter-level travel time spent in this place.
 C = Inter-level travel time spent in this place.
 D = Time resting spent in this place.
 E = Time spent auto-exploring this place.
 F = Levels seen in this place.
 G = Mean time per level.
                   A        B        C        D        E       F      G
               +--------+--------+--------+--------+--------+-----+--------+
         Total |   8582 |   8292 |    290 |    663 |   4963 |  12 |  715.2 |
       Dungeon |   8268 |   7978 |    290 |    663 |   4730 |  10 |  826.8 |
        Temple |    239 |    239 |      0 |      0 |    193 |   1 |  239.0 |
         Abyss |     74 |     74 |      0 |      0 |     40 |   1 |   74.0 |
               +--------+--------+--------+--------+--------+-----+--------+

Top non-repeatable levels by time:
     D:9: 1483 daAuts
     D:4: 1093 daAuts
     D:8: 1030 daAuts
     D:6: 820 daAuts
     D:5: 782 daAuts
     D:7: 782 daAuts
     D:1: 776 daAuts
     D:3: 562 daAuts
    D:10: 547 daAuts
     D:2: 389 daAuts
  Temple: 239 daAuts
 Abyss:3: 74 daAuts
